General information
- name: BNet
- type: Ladder team game (AT/RT)
- host: Battle.net
- saver: LEGEND-OF-KAIN
map: MarketSquare
- players: 8
- length: 65:38
- speed: Fast
- version: 1.26 W3XP
- replay type: Public
» download(279 KB)
Players
team 1 (winner)

»
LalphRauren (
purple | 62 APM | 4040 actions | 65:37)
9 Blademaster
3 Wind Walk
3 Critical Strike
1 Bladestorm
2 Mirror Image
» actions
| Assign group hotkey | 123 | |
| Basic commands | 67 | |
| Build / train | 118 | |
| ESC pressed | 9 | |
| Enter build submenu | 54 | |
| Enter hero's abilities submenu | 10 | |
| Give item / drop item | 6 | |
| Remove unit from queue | 1 | |
| Right click | 2105 | |
| Select / deselect | 802 | |
| Select group hotkey | 459 | |
| Use ability | 286 | |
4040 total
» units
| Peon | 13 | |
| Grunt | 5 | |
| Wind Rider | 23 | |
| Troll Witch Doctor | 7 | |
| Shaman | 8 | |
| Raider | 6 | |
62 total
» upgrades
| Reinforced Defenses | 1 | |
| Witch Doctor Training | 2 | |
| Shaman Training | 2 | |
| Ranged Weapons | 3 | |
| Spiked Barricades | 1 | |
| Envenomed Spears | 1 | |
| Melee Weapons | 0 | |
| Ensnare | 2 | |
12 total
» buildings
| Altar of Storms | 2 | |
| Orc Burrow | 15 | |
| Barracks | 1 | |
| Voodoo Lounge | 1 | |
| Stronghold | 3 | |
| Fortress | 2 | |
| War Mill | 2 | |
| Spirit Lodge | 2 | |
| Beastiary | 3 | |
| Great Hall | 1 | |
| Watch Tower | 16 | |
48 total
» build order
00:10 Altar of Storms
00:19 Orc Burrow
00:49 Barracks
01:31 Orc Burrow
01:57 Voodoo Lounge
04:00 Stronghold
04:00 Stronghold
04:45 Orc Burrow
06:36 Fortress
06:36 Fortress
07:13 War Mill
08:29 Spirit Lodge
10:19 Orc Burrow
11:10 Beastiary
11:36 Beastiary
11:41 Spirit Lodge
11:48 Orc Burrow
15:20 Beastiary
19:56 Orc Burrow
19:57 Orc Burrow
20:59 Great Hall
29:19 Orc Burrow
43:51 Watch Tower
43:51 Watch Tower
43:52 Watch Tower
43:53 Watch Tower
43:53 Watch Tower
44:12 Watch Tower
45:53 War Mill
45:55 Watch Tower
47:30 Watch Tower
47:49 Altar of Storms
47:51 Orc Burrow
47:56 Watch Tower
48:26 Orc Burrow
48:27 Orc Burrow
48:28 Orc Burrow
48:35 Orc Burrow
48:38 Orc Burrow
51:31 Orc Burrow
51:31 Watch Tower
51:32 Watch Tower
51:32 Watch Tower
53:50 Watch Tower
53:51 Watch Tower
54:08 Watch Tower
54:08 Watch Tower
» items
| Healing Salve | 4 | |
| Circlet of Nobility | 1 | |
| Boots of Speed | 1 | |
| Lesser Clarity Potion | 3 | |
| Scroll of Town Portal | 3 | |
| Potion of Lesser Invulnerability | 4 | |
| Orb of Lightning | 1 | |
| Staff of Teleportation | 1 | |
18 total
Blade-Master (
blue | 29 APM | 1387 actions | 47:18)
4 Blademaster
1 Wind Walk
2 Critical Strike
1 Mirror Image
4 Shadow Hunter
2 Healing Wave
1 Hex
1 Serpent Ward
3 Tauren Chieftain
1 Endurance Aura
1 Shockwave
1 War Stomp
» actions
| Assign group hotkey | 24 | |
| Basic commands | 7 | |
| Build / train | 144 | |
| ESC pressed | 1 | |
| Enter build submenu | 57 | |
| Enter hero's abilities submenu | 11 | |
| Give item / drop item | 7 | |
| Remove unit from queue | 2 | |
| Right click | 429 | |
| Select / deselect | 384 | |
| Select group hotkey | 190 | |
| Use ability | 131 | |
1387 total
» units
| Peon | 36 | |
| Grunt | 4 | |
| Troll Headhunter/Berserker | 12 | |
| Wind Rider | 5 | |
| Shaman | 2 | |
| Tauren | 7 | |
| Troll Batrider | 1 | |
| Troll Witch Doctor | 2 | |
| Spirit Walker | 2 | |
71 total
» upgrades
| Spiked Barricades | 3 | |
| Armor | 3 | |
| Ranged Weapons | 3 | |
| Melee Weapons | 3 | |
| Berserker Strength | 1 | |
| Troll Regeneration | 1 | |
| Pillage | 1 | |
| Berserker Upgrade | 1 | |
| Pulverize | 1 | |
| Shaman Training | 2 | |
| Witch Doctor Training | 2 | |
| Spirit Walker Training | 2 | |
| Reinforced Defenses | 1 | |
| Backpack | 1 | |
| Burning Oil | 1 | |
| Envenomed Spears | 1 | |
| Liquid Fire | 1 | |
| Ensnare | 1 | |
29 total
» buildings
| Altar of Storms | 2 | |
| Orc Burrow | 14 | |
| Voodoo Lounge | 2 | |
| War Mill | 3 | |
| Watch Tower | 23 | |
| Stronghold | 2 | |
| Barracks | 2 | |
| Great Hall | 3 | |
| Fortress | 2 | |
| Beastiary | 1 | |
| Spirit Lodge | 1 | |
| Tauren Totem | 1 | |
56 total
» build order
00:10 Altar of Storms
00:18 Orc Burrow
00:51 Voodoo Lounge
01:23 Orc Burrow
01:43 Orc Burrow
02:20 Orc Burrow
02:40 War Mill
02:56 Orc Burrow
03:21 Orc Burrow
03:44 Orc Burrow
04:00 Orc Burrow
04:19 Orc Burrow
04:34 Watch Tower
04:45 Orc Burrow
04:58 Watch Tower
05:12 Orc Burrow
05:42 Watch Tower
06:01 Watch Tower
06:17 Watch Tower
06:46 Watch Tower
06:58 Watch Tower
07:13 Watch Tower
07:37 Watch Tower
08:21 Stronghold
08:34 Barracks
13:10 Great Hall
13:17 Watch Tower
13:28 Watch Tower
13:38 Watch Tower
14:26 Watch Tower
14:39 Watch Tower
14:43 Watch Tower
16:19 Fortress
19:34 Beastiary
19:39 Spirit Lodge
19:45 Tauren Totem
20:00 Great Hall
20:03 Orc Burrow
20:06 Watch Tower
20:09 Watch Tower
20:15 Watch Tower
22:25 Watch Tower
23:26 Watch Tower
26:15 Stronghold
27:17 Orc Burrow
28:27 War Mill
29:22 War Mill
29:38 Fortress
34:05 Great Hall
34:11 Orc Burrow
34:13 Voodoo Lounge
35:19 Watch Tower
35:27 Watch Tower
36:37 Watch Tower
46:25 Altar of Storms
46:32 Barracks
» items
| Healing Salve | 3 | |
| Lesser Clarity Potion | 4 | |
| Scroll of Speed | 2 | |
| Periapt of Vitality | 3 | |
| Potion of Lesser Invulnerability | 2 | |
| Staff of Teleportation | 1 | |
| Scroll of Town Portal | 4 | |
| Orb of Lightning | 2 | |
| Tiny Great Hall | 1 | |
| Potion of Healing | 1 | |
| Potion of Mana | 1 | |
24 total

»
LEGEND-OF-KAIN (
green | 61 APM | 4028 actions | 65:38)
6 Blademaster
3 Wind Walk
2 Critical Strike
1 Bladestorm
5 Shadow Hunter
2 Hex
3 Healing Wave
5 Tauren Chieftain
3 Endurance Aura
1 War Stomp
1 Shockwave
» actions
| Assign group hotkey | 77 | |
| Basic commands | 375 | |
| Build / train | 109 | |
| Enter build submenu | 27 | |
| Enter hero's abilities submenu | 17 | |
| Give item / drop item | 6 | |
| Remove unit from queue | 2 | |
| Right click | 1464 | |
| Select / deselect | 471 | |
| Select group hotkey | 1323 | |
| Use ability | 157 | |
4028 total
» units
| Peon | 31 | |
| Grunt | 3 | |
| Raider | 10 | |
| Wind Rider | 10 | |
| Demolisher | 2 | |
56 total
» upgrades
| Ensnare | 1 | |
| Melee Weapons | 3 | |
| Reinforced Defenses | 1 | |
| Pulverize | 1 | |
| Pillage | 1 | |
| Ranged Weapons | 3 | |
| Envenomed Spears | 1 | |
11 total
» buildings
| Altar of Storms | 1 | |
| Orc Burrow | 8 | |
| Barracks | 3 | |
| Voodoo Lounge | 3 | |
| Stronghold | 2 | |
| War Mill | 1 | |
| Great Hall | 4 | |
| Watch Tower | 4 | |
| Beastiary | 5 | |
| Fortress | 2 | |
| Tauren Totem | 1 | |
34 total
» build order
00:09 Altar of Storms
00:20 Orc Burrow
00:37 Barracks
01:24 Orc Burrow
01:57 Voodoo Lounge
02:56 Stronghold
03:39 Orc Burrow
03:58 War Mill
05:23 Great Hall
05:27 Watch Tower
06:21 Beastiary
06:39 Watch Tower
07:20 Watch Tower
07:25 Watch Tower
09:01 Fortress
10:22 Beastiary
10:27 Orc Burrow
10:28 Orc Burrow
12:53 Voodoo Lounge
15:38 Tauren Totem
20:31 Great Hall
20:32 Orc Burrow
20:33 Orc Burrow
22:59 Great Hall
23:31 Orc Burrow
24:05 Voodoo Lounge
24:29 Great Hall
27:11 Beastiary
27:11 Beastiary
29:47 Stronghold
30:14 Beastiary
51:18 Barracks
51:19 Barracks
» items
| Healing Salve | 3 | |
| Boots of Speed | 1 | |
| Scroll of Town Portal | 2 | |
| Orb of Lightning | 1 | |
| Potion of Mana | 1 | |
| Potion of Healing | 1 | |
| Scroll of Healing | 1 | |
| Potion of Lesser Invulnerability | 2 | |
| Staff of Teleportation | 3 | |
15 total

»
PinkIsMyMaster (
orange | 23 APM | 1500 actions | 65:37)
6 Dark Ranger
3 Black Arrow
2 Life Drain
1 Charm
» actions
| Assign group hotkey | 35 | |
| Basic commands | 139 | |
| Build / train | 72 | |
| Enter build submenu | 40 | |
| Enter hero's abilities submenu | 6 | |
| Give item / drop item | 2 | |
| Remove unit from queue | 10 | |
| Right click | 566 | |
| Select / deselect | 435 | |
| Select group hotkey | 99 | |
| Use ability | 96 | |
1500 total
» units
| Acolyte | 13 | |
| Ghoul | 2 | |
| Crypt Fiend | 7 | |
| Rogue | 1 | |
| Assassin | 1 | |
| Peasant | 4 | |
| Frost Wyrm | 3 | |
| Gargoyle | 7 | |
38 total
» upgrades
| Burrow | 1 | |
| Web | 1 | |
| Creature Attack | 2 | |
| Creature Carapace | 1 | |
5 total
» buildings
| Crypt | 3 | |
| Ziggurat | 16 | |
| Altar of Darkness | 3 | |
| Graveyard | 1 | |
| Nerubian Tower | 2 | |
| Tomb of Relics | 2 | |
| Spirit Tower | 4 | |
| Halls of the Dead | 2 | |
| Sacrificial Pit | 1 | |
| Black Citadel | 1 | |
| Boneyard | 2 | |
| Town Hall | 1 | |
| Altar of Kings | 1 | |
| Necropolis | 2 | |
| Great Hall | 1 | |
| Barracks | 4 | |
46 total
» build order
00:17 Crypt
00:23 Ziggurat
01:01 Ziggurat
01:18 Altar of Darkness
01:56 Graveyard
02:00 Nerubian Tower
02:35 Ziggurat
02:39 Crypt
03:09 Tomb of Relics
03:24 Spirit Tower
05:01 Ziggurat
05:04 Ziggurat
06:40 Halls of the Dead
06:45 Spirit Tower
08:44 Ziggurat
08:46 Ziggurat
08:49 Ziggurat
08:52 Ziggurat
11:59 Sacrificial Pit
12:01 Black Citadel
13:20 Spirit Tower
16:04 Boneyard
19:54 Ziggurat
19:57 Ziggurat
19:58 Ziggurat
20:00 Ziggurat
20:03 Ziggurat
22:46 Spirit Tower
24:54 Town Hall
26:23 Boneyard
27:08 Altar of Darkness
28:07 Altar of Kings
33:53 Tomb of Relics
35:16 Crypt
43:50 Necropolis
45:07 Necropolis
46:29 Altar of Darkness
46:35 Ziggurat
46:40 Ziggurat
48:03 Halls of the Dead
48:56 Nerubian Tower
56:29 Great Hall
56:34 Barracks
56:35 Barracks
56:37 Barracks
56:38 Barracks
» items
| Boots of Speed | 1 | |
| Circlet of Nobility | 1 | |
| Staff of Teleportation | 1 | |
3 total
team 2 (loser)

»
mmx (
yellow | 54 APM | 956 actions | 17:46)
5 Paladin
3 Holy Light
1 Divine Shield
1 Devotion Aura
2 Mountain King
1 Storm Bolt
1 Thunder Clap
2 Archmage
1 Brilliance Aura
1 Summon Water Elemental
» actions
| Assign group hotkey | 26 | |
| Build / train | 95 | |
| Enter build submenu | 43 | |
| Enter hero's abilities submenu | 9 | |
| Right click | 277 | |
| Select / deselect | 218 | |
| Select group hotkey | 222 | |
| Use ability | 66 | |
956 total
» units
| Peasant | 16 | |
| Rifleman | 11 | |
| Priest | 5 | |
| Sorceress | 3 | |
| Crypt Fiend | 8 | |
| Mortar Team | 4 | |
47 total
» upgrades
| Masonry | 4 | |
| Gunpowder | 2 | |
| Long Rifles | 1 | |
| Armor | 3 | |
| Lumber Harvesting | 1 | |
| Priest Training | 2 | |
| Creature Carapace | 1 | |
| Fragmentation Shards | 1 | |
| Sorceress Training | 1 | |
| Magic Sentry | 1 | |
| Flare | 1 | |
18 total
» buildings
| Altar of Kings | 1 | |
| Farm | 15 | |
| Blacksmith | 1 | |
| Barracks | 1 | |
| Scout Tower | 15 | |
| Arcane Tower | 1 | |
| Lumber Mill | 1 | |
| Town Hall | 1 | |
| Keep | 1 | |
| Arcane Vault | 2 | |
| Guard Tower | 13 | |
| Castle | 1 | |
| Arcane Sanctum | 2 | |
| Ziggurat | 3 | |
| Black Citadel | 2 | |
60 total
» build order
00:14 Altar of Kings
00:24 Farm
01:00 Farm
01:10 Blacksmith
01:42 Barracks
01:52 Farm
02:03 Scout Tower
02:24 Farm
02:51 Arcane Tower
03:12 Farm
03:25 Lumber Mill
05:10 Town Hall
05:15 Farm
05:29 Farm
05:31 Farm
05:35 Farm
05:38 Farm
05:55 Keep
06:13 Farm
06:20 Scout Tower
06:54 Arcane Vault
07:08 Scout Tower
07:11 Guard Tower
07:20 Scout Tower
07:35 Scout Tower
07:41 Guard Tower
07:49 Scout Tower
07:51 Guard Tower
08:18 Castle
08:21 Scout Tower
08:40 Guard Tower
08:44 Scout Tower
09:01 Farm
09:03 Farm
09:06 Scout Tower
09:08 Guard Tower
09:11 Scout Tower
09:13 Scout Tower
09:15 Guard Tower
09:23 Arcane Sanctum
09:39 Arcane Sanctum
09:48 Guard Tower
10:04 Guard Tower
10:25 Guard Tower
10:48 Scout Tower
11:10 Farm
12:05 Arcane Vault
12:12 Farm
12:15 Guard Tower
12:21 Scout Tower
12:22 Guard Tower
13:35 Ziggurat
13:36 Ziggurat
13:39 Ziggurat
13:45 Black Citadel
13:45 Black Citadel
14:26 Scout Tower
14:50 Scout Tower
14:51 Guard Tower
15:28 Guard Tower

»
hiliahili (
teal | 56 APM | 717 actions | 12:54)
1 Archmage
1 Blizzard
» actions
| Assign group hotkey | 12 | |
| Build / train | 40 | |
| Enter build submenu | 23 | |
| Enter hero's abilities submenu | 1 | |
| Right click | 397 | |
| Select / deselect | 148 | |
| Select group hotkey | 55 | |
| Use ability | 41 | |
717 total
» units
| Peasant | 17 | |
| Mortar Team | 7 | |
| Flying Machine | 1 | |
25 total
» upgrades
| Masonry | 2 | |
| Lumber Harvesting | 2 | |
| Gunpowder | 1 | |
5 total
» buildings
| Altar of Kings | 1 | |
| Lumber Mill | 1 | |
| Farm | 13 | |
| Blacksmith | 1 | |
| Scout Tower | 3 | |
| Arcane Tower | 1 | |
| Keep | 1 | |
| Guard Tower | 2 | |
| Arcane Vault | 1 | |
| Castle | 1 | |
| Workshop | 2 | |
27 total
» build order
00:11 Altar of Kings
00:22 Lumber Mill
00:38 Farm
01:09 Farm
01:15 Blacksmith
01:40 Scout Tower
01:53 Farm
02:00 Farm
02:09 Arcane Tower
02:31 Scout Tower
02:38 Farm
03:33 Keep
03:34 Guard Tower
03:38 Arcane Vault
03:43 Farm
03:43 Farm
04:11 Farm
04:38 Farm
04:45 Farm
04:46 Farm
05:06 Scout Tower
06:16 Castle
06:20 Workshop
06:25 Workshop
06:32 Guard Tower
07:58 Farm
07:59 Farm
» items
| Staff of Sanctuary | 1 | |
| Potion of Healing | 1 | |
| Scroll of Town Portal | 1 | |
3 total

»
Wolf2983 (
red | 23 APM | 265 actions | 11:18)
4 Lich
1 Frost Nova
2 Frost Armor
1 Dark Ritual
» actions
| Build / train | 35 | |
| Enter build submenu | 8 | |
| Enter hero's abilities submenu | 4 | |
| Right click | 114 | |
| Select / deselect | 82 | |
| Use ability | 22 | |
265 total
» units
| Acolyte | 7 | |
| Ghoul | 12 | |
| Crypt Fiend | 4 | |
23 total
» upgrades
| Cannibalize | 1 | |
| Web | 1 | |
| Creature Attack | 2 | |
| Creature Carapace | 1 | |
5 total
» buildings
| Crypt | 2 | |
| Ziggurat | 5 | |
| Altar of Darkness | 1 | |
| Graveyard | 1 | |
| Halls of the Dead | 1 | |
10 total
» build order
00:13 Crypt
00:16 Crypt
00:39 Ziggurat
00:59 Ziggurat
01:35 Altar of Darkness
03:19 Ziggurat
04:24 Graveyard
05:08 Halls of the Dead
06:18 Ziggurat
06:20 Ziggurat
» items
Mahney (
pink | 27 APM | 1748 actions | 65:37)
8 Blood Mage
3 Flame Strike
3 Siphon Mana
1 Summon Phoenix
1 Banish
» actions
| Assign group hotkey | 17 | |
| Basic commands | 3 | |
| Build / train | 98 | |
| Enter build submenu | 44 | |
| Enter hero's abilities submenu | 8 | |
| Give item / drop item | 4 | |
| Remove unit from queue | 2 | |
| Right click | 429 | |
| Select / deselect | 429 | |
| Select group hotkey | 602 | |
| Use ability | 112 | |
1748 total
» units
| Peasant | 22 | |
| Rifleman | 7 | |
| Siege Engine | 7 | |
| Flying Machine | 3 | |
39 total
» upgrades
| Gunpowder | 3 | |
| Armor | 2 | |
| Masonry | 3 | |
| Plating | 3 | |
| Lumber Harvesting | 2 | |
| Long Rifles | 1 | |
| Barrage | 1 | |
| Magic Sentry | 1 | |
16 total
» buildings
| Altar of Kings | 1 | |
| Farm | 12 | |
| Blacksmith | 1 | |
| Scout Tower | 15 | |
| Lumber Mill | 2 | |
| Arcane Tower | 5 | |
| Barracks | 2 | |
| Arcane Vault | 1 | |
| Keep | 1 | |
| Guard Tower | 11 | |
| Castle | 2 | |
| Workshop | 5 | |
| Town Hall | 2 | |
| Arcane Sanctum | 1 | |
61 total
» build order
00:14 Altar of Kings
00:27 Farm
00:38 Blacksmith
01:06 Scout Tower
01:21 Scout Tower
01:33 Lumber Mill
01:52 Arcane Tower
02:02 Farm
02:23 Lumber Mill
02:26 Arcane Tower
02:32 Farm
02:54 Barracks
03:09 Barracks
04:19 Farm
04:57 Arcane Vault
06:04 Keep
06:08 Scout Tower
06:51 Guard Tower
06:53 Scout Tower
07:26 Guard Tower
07:31 Farm
08:13 Farm
09:13 Farm
10:31 Scout Tower
11:02 Guard Tower
11:08 Farm
11:39 Scout Tower
11:55 Farm
12:02 Scout Tower
13:05 Guard Tower
13:13 Castle
13:36 Farm
13:49 Workshop
13:52 Workshop
14:25 Scout Tower
14:59 Guard Tower
15:02 Farm
15:08 Town Hall
15:49 Farm
17:33 Workshop
17:35 Workshop
17:42 Workshop
17:58 Arcane Sanctum
19:32 Scout Tower
20:12 Guard Tower
20:16 Scout Tower
20:56 Guard Tower
20:59 Scout Tower
21:29 Guard Tower
21:32 Scout Tower
22:12 Guard Tower
22:17 Scout Tower
22:47 Guard Tower
23:15 Arcane Tower
26:25 Scout Tower
27:00 Arcane Tower
27:04 Scout Tower
30:33 Town Hall
32:34 Arcane Tower
» items
| Boots of Speed | 1 | |
| Lesser Clarity Potion | 2 | |
| Scroll of Regeneration | 3 | |
| Periapt of Vitality | 1 | |
| Scroll of Healing | 1 | |
| Potion of Lesser Invulnerability | 1 | |
| Potion of Healing | 2 | |
| Scroll of Town Portal | 1 | |
12 total
Chat log
(00:28 / All) LEGEND-OF-KAIN: kodo #1?
(01:02 / Allies) LalphRauren: units
(01:03 / Allies) LalphRauren: 3 orcs
(01:19 / Allies) LalphRauren: taurens shamans
(01:27 / Allies) PinkIsMyMaster: mm
(01:32 / Allies) PinkIsMyMaster: fiends i guess
(01:44 / Allies) LalphRauren: and no frost????
(01:50 / Allies) PinkIsMyMaster: well yeah, later
(02:06 / Allies) LalphRauren: units?
(02:18 / Allies) LalphRauren: wyvs of course... as always
(06:25 / Allies) LEGEND-OF-KAIN: UR WELCOME GREEN
(06:28 / Allies) LEGEND-OF-KAIN: arrogant bastard
(08:02 / Allies) LEGEND-OF-KAIN: wood
(10:49 / Allies) PinkIsMyMaster: check expos
(11:27 / Allies) LalphRauren: ty
(12:43 / Allies) LalphRauren: ty
(14:06 / Allies) PinkIsMyMaster: lol
(14:10 / Allies) PinkIsMyMaster: hey purp
(14:13 / Allies) LalphRauren: ?
(14:17 / Allies) PinkIsMyMaster: you want another pair of gloves?
(14:22 / Allies) LalphRauren: yea
(14:23 / Allies) LalphRauren: :)
(14:31 / Allies) PinkIsMyMaster: ill come to me
(14:39 / Allies) LalphRauren: otw
(14:49 / Allies) LalphRauren: ty
(14:52 / Allies) PinkIsMyMaster: muahaha
(14:55 / Allies) LalphRauren: lol
(14:56 / Allies) PinkIsMyMaster: +12 armor
(15:00 / Allies) LalphRauren: yea
(15:17 / Allies) LEGEND-OF-KAIN: b
(15:30 / Allies) LalphRauren: come green
(15:45 / Allies) PinkIsMyMaster: hell yeah
(15:47 / Allies) PinkIsMyMaster: inferno stone
(16:21 / Allies) LalphRauren: all tp
(17:50 / All) PinkIsMyMaster: BYE
(18:00 / Allies) Blade-Master: lol
(18:04 / Allies) LalphRauren: gj boys
(18:07 / Allies) PinkIsMyMaster: dr is OP
(18:12 / All) Mahney: noww that u said that nahhh
(18:45 / All) LEGEND-OF-KAIN: im a blitzball!
(19:11 / Allies) PinkIsMyMaster: 54% DMG REDUCTION
(19:13 / Allies) PinkIsMyMaster: !
(20:18 / All) LEGEND-OF-KAIN: ur an arrogant bastard pink
(20:31 / All) Mahney: should not have been cocky
(20:43 / All) LEGEND-OF-KAIN: 4v4rt and no cockiness is oxymoron
(21:20 / Allies) PinkIsMyMaster: wtf
(21:21 / Allies) LalphRauren: ?
(21:23 / Allies) LEGEND-OF-KAIN: bm
(21:24 / Allies) LEGEND-OF-KAIN: go tu
(21:26 / Allies) LEGEND-OF-KAIN: oj
(22:04 / Allies) LalphRauren: meet
(22:16 / Allies) LEGEND-OF-KAIN: here u go purple
(22:40 / Allies) LEGEND-OF-KAIN: good trade
(23:53 / All) LEGEND-OF-KAIN: always satisfying to mop the enemy up in a sure win
(24:57 / All) LEGEND-OF-KAIN: his darkranger has 20 arm
(26:00 / Allies) PinkIsMyMaster: fuck you green
(26:03 / All) LEGEND-OF-KAIN: LOL
(28:59 / All) LEGEND-OF-KAIN: we just are expoign everywhere
(29:01 / All) LEGEND-OF-KAIN: lol
(29:12 / All) Mahney: not everywhere
(31:17 / Allies) PinkIsMyMaster: i fucking hate you green
(31:20 / All) LEGEND-OF-KAIN: arrogant bastard
(31:21 / All) LEGEND-OF-KAIN: oj
(32:19 / All) LEGEND-OF-KAIN: u are prepared for me
(32:27 / All) Mahney: yes
(34:57 / All) LEGEND-OF-KAIN: lol
(35:03 / All) LEGEND-OF-KAIN: arrogant bastard
(35:53 / Allies) PinkIsMyMaster: pink still has stuff?
(35:55 / Allies) PinkIsMyMaster: Oo
(37:10 / All) Mahney: yawn
(37:36 / All) Mahney: 2 more to go
(38:04 / All) Mahney: i have like 12k gold and wood
(38:10 / All) LEGEND-OF-KAIN: ive been killing orange all game
(38:17 / All) Mahney: good
(38:22 / All) Mahney: oj is a nigger
(40:53 / Allies) LalphRauren: dont block me
(41:00 / Allies) LalphRauren: move
(42:25 / Allies) LalphRauren: oh i dint notice u want to lose
(42:26 / Allies) LalphRauren: ok
(42:29 / Allies) LalphRauren: ll help u
(42:32 / Allies) LEGEND-OF-KAIN: k
(42:32 / All) Mahney: awwww
(42:33 / Allies) LEGEND-OF-KAIN: blue
(42:35 / Allies) LEGEND-OF-KAIN: needs to die lol
(42:49 / Allies) LalphRauren: ok
(43:01 / All) Mahney: ty oj
(43:28 / All) Mahney: ill finish oj and leave
(43:36 / All) LalphRauren: oj is gone
(43:37 / All) LEGEND-OF-KAIN: we're haiving civil war
(43:39 / All) LEGEND-OF-KAIN: Lol
(44:05 / Allies) Blade-Master: why
(44:12 / All) LEGEND-OF-KAIN: u were rude to me blue
(44:16 / Allies) Blade-Master: just wanna finish this
(44:38 / All) LEGEND-OF-KAIN: prove ur worht purple and kill blue
(44:49 / Allies) Blade-Master: why is green attacking me?
(44:59 / All) LalphRauren: dude il giving a fuck to this game
(45:09 / All) LalphRauren: kill us all while im on skype with friends lol
(45:22 / All) LEGEND-OF-KAIN: pink im helping u idiot
(45:24 / All) LEGEND-OF-KAIN: im on ur team
(45:32 / All) LEGEND-OF-KAIN: go top left purple base
(45:52 / Allies) Blade-Master: just kill green aa
(46:45 / Allies) LalphRauren: relax i kill myself
(46:51 / Allies) Blade-Master: why
(46:58 / Allies) LalphRauren: green need that lose
(46:58 / All) LEGEND-OF-KAIN: i know
(47:00 / All) LEGEND-OF-KAIN: ill help
(47:02 / Allies) LalphRauren: im just heloing him
(47:28 / All) LEGEND-OF-KAIN: u win pink lol
(47:43 / All) Mahney: ty
(47:56 / All) LEGEND-OF-KAIN: orange was a cocky bastard
(48:07 / All) Mahney: he was
(53:08 / All) LEGEND-OF-KAIN: run pink
(53:10 / All) LEGEND-OF-KAIN: he after u lol
(54:08 / All) LEGEND-OF-KAIN: u arnet on skype purple
(54:23 / All) LalphRauren: do i need my hands to talk?
(54:51 / All) LEGEND-OF-KAIN: im gettin gisege
(54:57 / All) LEGEND-OF-KAIN: their basde will be dead soon pink lol
(56:36 / All) LEGEND-OF-KAIN: purp almost dead
(56:56 / All) LalphRauren: ty my friend
(57:00 / All) LEGEND-OF-KAIN: stay in ur base
(58:02 / All) LEGEND-OF-KAIN: game is almost over
(58:05 / All) LEGEND-OF-KAIN: prups bm left
(58:25 / All) Mahney: just killed 1 of my peons
(58:28 / All) LalphRauren: noob
(58:31 / All) LalphRauren: lol
(59:00 / All) LalphRauren: some1 is mad
(59:03 / All) LEGEND-OF-KAIN: lol
(59:04 / All) LEGEND-OF-KAIN: u
(59:07 / All) Mahney: not me
(59:08 / All) LalphRauren: no
(59:13 / All) LEGEND-OF-KAIN: i do this all the time purple
(59:14 / All) LalphRauren: of couse not u pink
(59:22 / All) LEGEND-OF-KAIN: im a pro
(59:25 / All) LalphRauren: and who cares?
(59:54 / All) LalphRauren: go green
(60:04 / All) LalphRauren: dude wat a newb
(60:39 / All) LalphRauren: u r a joke
(61:00 / All) LalphRauren: try try try
(61:06 / All) LEGEND-OF-KAIN: i already got ur hero like 5 timeslol
(61:12 / All) LalphRauren: not me
(61:17 / All) LEGEND-OF-KAIN: yes u
(61:24 / All) LalphRauren: rofl check replay pls bitch
(61:45 / Allies) LalphRauren: use raiders
(61:50 / All) LEGEND-OF-KAIN: ty
(61:55 / Allies) LalphRauren: np
(62:09 / All) LalphRauren: sry
(62:22 / All) LEGEND-OF-KAIN: LOL
(62:26 / All) LalphRauren: damn
(62:31 / All) LEGEND-OF-KAIN: let me guess I didnt kill u again either
(62:40 / All) LalphRauren: oh now u did boy
(62:47 / All) LEGEND-OF-KAIN: pink do u need a tiny hall i can give u one
(62:56 / All) Mahney: sure
(63:01 / All) LEGEND-OF-KAIN: u got a hero?
(63:08 / All) Mahney: just about
(63:31 / All) LEGEND-OF-KAIN: i even gave u valuable items purple
(63:34 / All) LEGEND-OF-KAIN: and u still betrayed me
(63:41 / All) LalphRauren: rofl a claw
(63:43 / All) LalphRauren: wat a newb
(63:59 / Allies) LalphRauren: wyvs
(64:01 / Allies) LalphRauren: bring em
(64:14 / All) LEGEND-OF-KAIN: purple is just another player
(64:17 / All) LalphRauren: who needs gold
(64:18 / All) LEGEND-OF-KAIN: who claims he dont care about winning
(64:27 / All) LalphRauren: oh i do care
(64:38 / All) LEGEND-OF-KAIN: why lie to ur liegelord then
(64:42 / All) LalphRauren: im so fucking mad that im thinking about uninstall
(64:48 / All) LalphRauren: dont worry im ultra mad
(65:04 / All) LEGEND-OF-KAIN: reverse phscyology doesn't work when ur lieing to urself bro
(65:11 / All) LalphRauren: u should upgrade ur armor
(65:21 / All) LalphRauren: welll then im not mad
(65:24 / All) LalphRauren: im happy
(65:25 / All) LalphRauren: xD
(65:25 / All) LEGEND-OF-KAIN: why? i 1v3'd my team like a pro
(65:34 / All) LEGEND-OF-KAIN: with no armor upgrades